 Dungeon Crawl Stone Soup version 0.31-a0-986-g5e6e4ef867 (webtiles) character file.

Game seed: 7059087917762512544

517 mightbedylan the Grave Robber (level 7, -6/49 HPs)
             Began as a Demonspawn Necromancer on Nov 17, 2023.
             Mangled by an iguana (7 damage)
             ... on level 4 of the Dungeon.
             The game lasted 00:29:53 (3462 turns).

mightbedylan the Grave Robber (DsNe)                Turns: 3462, Time: 00:29:53

Health: -6/49      AC:  5    Str:  5 (8)  XL:     7   Next: 0%
Magic:  6/11       EV: 12    Int: 16 (18) God:
Gold:   183        SH:  0    Dex: 13 (14) Spells: 5/11 levels left

rFire   . . .        f - staff of death
rCold   . . .        (no shield)
rNeg    + . .        a - +0 robe
rPois   .            (no helmet)
rElec   .            (no cloak)
rCorr   .            (no gloves)
SInv    .            (no boots)
Will    .....        (no amulet)
Stlth   ++           (no ring)
HPRegen 0.28/turn    (no ring)
MPRegen 0.12/turn

%: no passive effects
@: no status effects
A: icy blue scales 2
a: no special abilities


You were on level 4 of the Dungeon.
You visited 1 branch of the dungeon, and saw 4 of its levels.

You collected 183 gold pieces.

Inventory:

Hand Weapons
 i - a +1 trident of venom
 j - a +5 club
 n - a +3 spear
Armour
 a - a +0 robe (worn)
 k - a +0 robe
Magical Staves
 f - a staff of death (weapon)
Jewellery
 h - a ring of protection from cold
Wands
 g - a wand of flame (12) (quivered)
 m - a wand of iceblast (6)
Scrolls
 b - a scroll of silence
 c - 3 scrolls of identify
 o - a scroll of acquirement {unknown}
Potions
 d - 2 potions of attraction {unknown}
 e - a potion of mutation {unknown}
 l - 2 potions of curing


   Skills:
 + Level 1.8 Fighting
 + Level 1.6 Polearms
 + Level 2.6 Dodging
 * Level 3.7 Stealth
 + Level 2.9 Spellcasting
 + Level 1.9 Conjurations
 + Level 2.0 Summonings
 * Level 5.7 Necromancy


You had 5 spell levels left.
You knew the following spells:

 Your Spells              Type           Power      Damage    Failure   Level
a - Necrotise             Necr           100%       1d9       1%          1
b - Call Imp              Summ           16%        N/A       12%         2
c - Vampiric Draining     Necr           31%        2d8       5%          3

Your spell library contained the following spells:

 Spells                   Type           Power      Damage    Failure   Level
 Magic Dart               Conj           32%        1d4       9%          1
 Animate Dead             Necr           31%        N/A       19%         4
 Mephitic Cloud           Conj/Pois/Air  4%         N/A       41%         3
 Agony                    Necr           31%        N/A       45%         5
 Inner Flame              Hex/Fire       2%         N/A       50%         3
 Yara's Violent Unravell  Hex/Tmut       1%         3d3       99%         5
 Enfeeble                 Hex            1%         N/A       100%        7


Dungeon Overview and Level Annotations

Branches:
Dungeon (4/15)
 Temple: D:4-7

Altars:

Shops:
D:4 =

Annotations:
D:4 Grinder


Innate Abilities, Weirdness & Mutations

You are mostly covered in icy blue scales. (AC +3)


Message History

You barely miss the iguana.
The iguana is lightly wounded.
Grinder gestures at you.
Your gnoll skeleton suddenly stops moving!
The iguana bites you.
* * * LOW HITPOINT WARNING * * *
Your cerulean imp hits the iguana but does no damage.
You hit the iguana.
The iguana is lightly wounded.
Grinder zaps a wand.
The puff of flame hits your gnoll skeleton.
The iguana bites you but does no damage.
Your cerulean imp hits the iguana from afar with a -4 spear.
You hit the iguana but do no damage.
The iguana is moderately wounded.
Your cerulean imp disappears in a puff of smoke!
The iguana misses you.
Casting: Necrotise (safe; 1% risk of failure)
Confirm with . or Enter, or press ? or * to list all spells.
Aiming: Necrotise (safe; 1% risk of failure)
Press: ? - help, Shift-Dir - straight line, f/p - iguana
Aim: an iguana (moderately wounded, chance to affect: 88%)
You feel a surge of power!
The iguana writhes in agony.
The iguana bites you.
* * * LOW HITPOINT WARNING * * *
Grinder blinks!
Casting: Necrotise (safe; 1% risk of failure)
Confirm with . or Enter, or press ? or * to list all spells.
Aiming: Necrotise (safe; 1% risk of failure)
Press: ? - help, Shift-Dir - straight line, f/p - iguana
Aim: an iguana (severely wounded, chance to affect: 88%)
You feel a surge of power!
The iguana barely resists.
The iguana bites you.
* * * LOW HITPOINT WARNING * * *
You hit the iguana.
The iguana is almost dead.
The iguana misses you.
You hit the iguana but do no damage.
The iguana is almost dead.
The iguana bites you but does no damage.
The iguana bites you!
You die...

,,,,,....../...,...........,*
,,,,,.........###.........,,*
,,,,,###...5..##.........,.**
***,,.....>...###......#,.##* *
***..........###.....#....***
*** *#....?...Z.............,,*
,,* #.........)..)........#,,*
,** #........##l........#..,**
,* *#.........#@......###*,,**
.*###?..###........##....#*,,,*
.##.....###.#......#...)...,***
.>#......#..................*
..>........###..##........##*
...........##....#........#*
...........................*
....................##..,***
...................##*****


You could see Grinder, an iguana (ally target) and a friendly gnoll skeleton
(paralysed).

Vanquished Creatures
  Sigmund (D:3)
  Ijyb (D:3)
  Natasha (thrice) (D:2)
  Terence (D:3)
  Robin (D:3)
  8 gnolls (D:4)
  An adder (D:2)
  2 worms
  2 dart slugs (D:3)
  3 orcs (D:3)
  6 endoplasms
  7 giant cockroaches
  17 goblins
  5 hobgoblins
  8 jackals
  3 quokkas (D:1)
  6 ball pythons
  6 bats
  2 frilled lizards
  4 kobolds
  3 rats
90 creatures vanquished.

Vanquished Creatures (collateral kills)
  A scorpion zombie (D:3)
  An adder zombie (D:3)
  2 orcs (D:3)
  A goblin (D:4)
  A quokka (D:3)
  2 rats
8 creatures vanquished.

Vanquished Creatures (others)
  A rat (D:3)
1 creature vanquished.

Grand Total: 99 creatures vanquished

Notes
Turn   | Place    | Note
-------+----------+-------------------------------------------
     0 | D:1      | mightbedylan the Demonspawn Necromancer began the quest for
                  | the Orb.
     0 | D:1      | Reached XP level 1. HP: 13/13 MP: 3/3
   666 | D:1      | Gained mutation: You are partially covered in icy blue
                  | scales. (AC +2) [demonic ancestry]
   666 | D:1      | Reached XP level 2. HP: 5/19 MP: 0/5
  1274 | D:2      | Noticed Natasha
  1288 | D:2      | Killed Natasha
  1289 | D:2      | Reached XP level 3. HP: 8/25 MP: 2/6
  1540 | D:2      | Noticed Natasha
  1557 | D:2      | Reached XP level 4. HP: 31/31 MP: 7/7
  1988 | D:2      | Killed Natasha
  1989 | D:2      | Reached skill level 1 in Summonings
  1989 | D:2      | Reached skill level 5 in Necromancy
  1992 | D:2      | Learned a level 2 spell: Call Imp
  2004 | D:2      | Noticed Natasha
  2013 | D:2      | Killed Natasha
  2014 | D:2      | Reached skill level 1 in Fighting
  2014 | D:2      | Reached skill level 1 in Conjurations
  2145 | D:3      | Reached XP level 5. HP: 37/37 MP: 5/8
  2357 | D:3      | Noticed Terence
  2380 | D:3      | Killed Terence
  2461 | D:3      | Reached skill level 1 in Polearms
  2494 | D:3      | Noticed Ijyb
  2508 | D:3      | Killed Ijyb
  2534 | D:3      | Noticed Robin
  2555 | D:3      | Killed Robin
  2556 | D:3      | Reached XP level 6. HP: 31/43 MP: 2/10
  2679 | D:3      | Noticed Sigmund
  2702 | D:3      | Killed Sigmund
  3197 | D:4      | Found Upytiploscho's Jewellery Boutique.
  3203 | D:4      | Learned a level 3 spell: Vampiric Draining
  3361 | D:4      | Noticed Grinder
  3426 | D:4      | Paralysed by Grinder for 3 turns
  3434 | D:4      | Paralysed by Grinder for 5 turns
  3453 | D:4      | Gained mutation: You are mostly covered in icy blue scales.
                  | (AC +3) [demonic ancestry]
  3453 | D:4      | Reached XP level 7. HP: 23/49 MP: 8/11
  3460 | D:4      | HP: 1/49 [iguana (3)]
  3462 | D:4      | Mangled by an iguana

Illustrated notes

Levels and vault maps discovered:
D:1:      kilobyte_arrival_exit_the_forest, layout_basic, chequers_avenue,
          minmay_misc_feat_plants, minmay_misc_feat_enclosed,
          kennysheep_small_spiral
D:2:      layout_basic, roderic_serpentine_path, uniq_natasha
D:3:      layout_loops_ring, serial_undead, serial_undead_b, serial_undead_b,
          serial_undead_b, serial_undead_f, serial_undead_c, uniq_sigmund,
          uniq_ijyb, uniq_terence, uniq_robin
D:4:      layout_cave_pools, serial_shops, shop, uniq_grinder

Skill      XL: |  1  2  3  4  5  6 |
---------------+-------------------+-----
Stealth        | 2 3 |  3.7
Dodging        | 2 |  2.6
Summonings     | 1 2 |  2.0
Necromancy     | 5 |  5.7
Fighting       | 1 |  1.8
Conjurations   | 1 |  1.9
Polearms       | 1 |  1.6
Spellcasting   | |  2.9

Action                     |  1- 3 |  4- 6 |  7- 9 || total
---------------------------+-------+-------+-------++-------
  Melee: Unarmed           |    11 |       |       ||    11
         Trident           |    22 |   115 |       ||   137
         Punch             |       |     3 |       ||     3
         Staff             |       |     4 |     6 ||    10
   Cast: Necrotise         |    30 |    54 |     3 ||    87
         Call Imp          |       |    11 |       ||    11
  Evoke: Wand              |       |    14 |       ||    14
    Use: Potion            |     1 |     5 |       ||     6
         Scroll            |     8 |     3 |       ||    11
   Stab: Sleeping          |     2 |       |       ||     2
         Distracted        |       |     1 |       ||     1
 Armour: Robe              |    39 |    76 |     7 ||   122
  Dodge: Dodged            |    28 |    95 |     4 ||   127

Table legend: (Time is in decaauts)
 A = Elapsed time spent in this place.
 B = Non-inter-level travel time spent in this place.
 C = Inter-level travel time spent in this place.
 D = Time resting spent in this place.
 E = Time spent auto-exploring this place.
 F = Levels seen in this place.
 G = Mean time per level.
                   A        B        C        D        E       F      G
               +--------+--------+--------+--------+--------+-----+--------+
         Total |   3517 |   3457 |     60 |    571 |   2082 |   4 |  879.2 |
       Dungeon |   3517 |   3457 |     60 |    571 |   2082 |   4 |  879.2 |
               +--------+--------+--------+--------+--------+-----+--------+

Top non-repeatable levels by time:
     D:1: 1194 daAuts
     D:3: 1077 daAuts
     D:2: 938 daAuts
     D:4: 306 daAuts
